 Dungeon Crawl Stone Soup version 0.17-a0-701-gb6462b4 (webtiles) character file.

336918 Trafet the Sorcerer (level 20, -4/109 HPs)
             Began as a Spriggan Wizard on Apr 18, 2015.
             Was the Champion of Sif Muna.
             Slain by a deep troll earth mage (14 damage)
             ... led by an ironheart preserver
             ... on level 5 of the Vaults on Apr 19, 2015.
             The game lasted 07:51:19 (104261 turns).

Trafet the Sorcerer (Spriggan Wizard)             Turns: 104261, Time: 07:51:20

Health: -4/109     AC: 12    Str:  3    XL:     20   Next: 99%
Magic:  0/48       EV: 37    Int: 29    God:    Sif Muna [******]
Gold:   559        SH:  0    Dex: 20    Spells: 18 memorised, 0 levels left

rFire  . . .     SeeInvis +     a - +9 quick blade
rCold  . . .     Clarity  .     m - +2 robe {MR+}
rNeg   . . .     SustAb   .     (shield restricted)
rPois  +         Gourm    .     I - +2 hat
rElec  .         Spirit   +     o - +2 cloak {+Inv}
rCorr  .         Warding  .     (gloves unavailable)
rMut   .         Stasis   .     (boots unavailable)
MR     ++++.                    w - amulet of guardian spirit
Stlth  +++++.....               s - ring "Gize" {rPois AC+3 Dex+3}
                                G - +3 ring of intelligence

@: very slightly contaminated, regenerating, repel missiles, very quick,
incredibly resistant to hostile enchantments, quite stealthy
A: unfitting armour, see invisible, herbivore 3, speed 3, slow metabolism 2
a: Channel Energy, Forget Spell, Renounce Religion, Evoke Invisibility
}: 2/15 runes: serpentine, barnacled


You were on level 5 of the Vaults.
You worshipped Sif Muna.
Sif Muna was exalted by your worship.
You were not hungry.

You visited 10 branches of the dungeon, and saw 47 of its levels.
You also visited: Ossuary.

You collected 5061 gold pieces.
You spent 4502 gold pieces at shops.

Inventory:

Hand weapons
 a - a +9 quick blade (weapon)
 h - the +3 flail "Wimituiw" {freeze, Str+3 Dex+5}
   (You found it on level 1 of the Vaults)

   It has been specially enchanted to freeze those struck by it, causing extra
   injury to most foes and up to half again as much damage against particularly
   susceptible opponents.
   It can also slow down cold-blooded creatures.
   It affects your strength (+3).
   It affects your dexterity (+5).
 Z - a +1 greatsling of flaming
Missiles
 c - 709 stones (quivered)
 t - 8 needles of confusion
 Y - 103 sling bullets
Armour
 l - a cursed +2 buckler
 m - a +2 robe of magic resistance (worn)
 o - a +2 cloak of invisibility (worn)
 I - a +2 hat (worn)
Jewellery
 e - an uncursed ring of flight
 j - a cursed amulet of resist mutation
 s - the ring "Gize" (right hand) {rPois AC+3 Dex+3}
   (You found it on level 2 of the Vaults)

   [ring of protection]

   It affects your AC (+3).
   It affects your dexterity (+3).
   It protects you from poison.
 w - an amulet of guardian spirit (around neck)
 G - a +3 ring of intelligence (left hand)
 P - a cursed amulet of clarity
 S - a cursed ring of fire
 X - an uncursed ring of magical power
Magical devices
 d - a wand of cold (7)
 g - a wand of digging (9)
 k - a wand of cold (6)
 u - a wand of teleportation (4)
 v - a wand of slowing (18)
 V - a wand of draining (10)
 W - a wand of heal wounds (2)
Scrolls
 p - 22 scrolls of identify
 r - 6 scrolls of magic mapping
 x - a scroll of fog
 y - a scroll of enchant armour
 C - 7 scrolls of amnesia
 J - 3 scrolls of teleportation
 K - 7 scrolls of remove curse
 R - a scroll of summoning
Potions
 i - a potion of curing
 n - 2 potions of berserk rage
 q - 4 potions of haste
 A - 2 potions of resistance
 B - 2 potions of might
 H - 3 potions of restore abilities
Miscellaneous
 b - a sack of spiders {used: 3}
 f - a disc of storms
 Q - a phial of floods
Comestibles
 z - 32 fruits
 D - 4 bread rations


   Skills:
 + Level 13.2 Fighting
 - Level 10.0 Short Blades
 - Level 14.1 Slings
 + Level 20.2 Dodging
 - Level 10.2 Stealth
 - Level 23.6 Spellcasting
 - Level 0.6 Conjurations
 - Level 8.2 Hexes
 - Level 8.0 Charms
 - Level 5.0 Summonings
 - Level 16.6 Translocations
 - Level 11.8 Evocations


You couldn't memorise any spells.
You knew the following spells:

 Your Spells              Type           Power        Failure   Level  Hunger
a - Magic Dart            Conj           ####         1%          1    None
b - Mephitic Cloud        Conj/Pois/Air  #####...     2%          3    None
c - Conjure Flame         Conj/Fire      #####...     2%          3    None
d - Blink                 Tloc           N/A          0%          2    None
e - Repel Missiles        Chrm/Air       ######       1%          2    None
f - Shroud of Golubria    Chrm/Tloc      #######...   0%          2    None
g - Gell's Gravitas       Hex/Tloc       #######...   1%          3    None
h - Controlled Blink      Tloc           N/A          1%          7    #......
i - Phase Shift           Tloc           #######...   1%          5    None
j - Mass Confusion        Hex            ######....   6%          6    None
k - Control Teleport      Chrm/Tloc      #######...   1%          4    None
l - Warp Weapon           Chrm/Tloc      #######...   1%          5    None
m - Ozocubu's Armour      Chrm/Ice       ######..     1%          3    None
n - Regeneration          Chrm/Necr      ######....   1%          3    None
o - Force Lance           Conj/Tloc      ######..     1%          4    None
p - Summon Forest         Summ/Tloc      #######...   1%          5    None
q - Haste                 Chrm           ######..     8%          6    None
r - Swiftness             Chrm/Air       ######..     1%          2    None


Dungeon Overview and Level Annotations

Branches:
Dungeon (15/15)            Temple (1/1) D:5            Lair (8/8) D:9
 Shoals (5/5) Lair:3        Snake (5/5) Lair:6        Slime (0/6) Lair:6
    Orc (4/4) D:11            Elf (1/3) Orc:4        Vaults (5/5) D:13
  Crypt (2/3) Vaults:2     Depths (1/5) D:15

Altars:
Ashenzari
Cheibriados
Dithmenos
Elyvilon
Fedhas
Gozag
Kikubaaqudgha
Makhleb
Nemelex Xobeh
Okawaru
Qazlal
Ru
Sif Muna
Trog
Vehumet
Xom
Yredelemnul
Zin
The Shining One

Shops:
D:5 *   D:7 [   D:14 :   Orc:1 *   Orc:3 ?   Orc:4 }*}*   Shoals:2 *
Vaults:1 ?   Vaults:3 (   Vaults:4 (**

Annotations:
D:11 oplop's ghost, powerful MfIE
Shoals:5 Ilsuiw
Snake:3 Wiglaf
Snake:4 Jorgrun; Mara
Crypt:2 Boris; Margery
Depths:1 Frances; Sojobo


Innate Abilities, Weirdness & Mutations

You are tiny and cannot use many weapons and most armour.
You have supernaturally acute eyesight.
You are a herbivore.
You cover ground extremely quickly.
You need consume almost no food.


Message History

The deep troll earth mage casts a spell next to you.
The metal wall shatters!
The blast of metal fragments hits you!
* * * LOW HITPOINT WARNING * * *
You hear a shout! x5
You are too injured to fight recklessly!
You are too injured to fight recklessly!
You are too injured to fight recklessly!
You hit the ironheart preserver.
The ironheart preserver is severely wounded.
The ironheart preserver is engulfed in roaring flames.
The ironheart preserver mumbles some strange words.
The ironheart preserver begins to accept its allies' injuries.
You hit the ironheart preserver.
The ironheart preserver is almost dead.
You hit the ironheart preserver.
The ironheart preserver is almost dead.
The deep troll earth mage bites you!
* * * LOW HITPOINT WARNING * * *
The deep troll earth mage claws you!
You die...

#. #..# #?...
#.....################
#............@p.......
#D............T.......
#####################


You could see an ironheart preserver (invisible) and a deep troll earth mage.

Vanquished Creatures
  Norris (Vaults:1)
  Rupert (Lair:7)
  A titan (Vaults:4)
  2 ancient champions
  A fire giant (Vaults:3)
  6 greater nagas
  Donald (Snake:4)
  11 vault wardens
  2 deep elf sorcerers (Vaults:2)
  3 frost giants
  An orc warlord (Vaults:3)
  A curse skull (Crypt:1)
  A ghoul (Crypt:1)
  A reaper (Crypt:2)
  A caustic shrike skeleton (Crypt:1)
  A spriggan defender (D:15)
  3 stone giants
  13 ironheart preservers
  A deep elf annihilator (Vaults:2)
  A deep elf demonologist (Orc:4)
  9 vault guards
  Snorg (Orc:1)
  3 merfolk javelineers
  An eidolon (Crypt:2)
  2 fire dragons (Vaults:4)
  5 ettins
  6 merfolk impalers
  Josephine (Orc:3)
  4 yaktaur captains
  3 jiangshi (Crypt:2)
  An ice dragon (Vaults:4)
  Harold (D:12)
  14 naga warriors
  A rakshasa (Vaults:2)
  3 merfolk aquamancers (Shoals:5)
  8 hydras
  21 death yaks
  8 centaur warriors
  6 anacondas
  A tengu warrior (D:15)
  A salamander stormcaller (D:14)
  A vampire mage (Vaults:2)
  10 ogre magi
  2 satyrs
  5 orc high priests
  6 shock serpents
  A soul eater (Crypt:2)
  Urug (D:11)
  12 naga sharpshooters
  4 deep elf knights
  A titan skeleton (Crypt:1)
  A fire crab (Vaults:5)
  4 salamander mystics
  8 skeletal warriors
  4 flayed ghosts
  4 deep trolls
  3 shadow wraiths
  A storm dragon skeleton (Crypt:2)
  3 unseen horrors
  10 sea snakes
  A shadow dragon zombie (Crypt:1)
  2 wizards
  9 hill giants
  6 necromancers
  A deep elf summoner (Orc:4)
  9 naga ritualists
  2 wolf spider zombies
  A giant orange brain (Vaults:1)
  16 ironbrand convokers
  2 phantasmal warriors (Crypt:1)
  17 orc knights
  11 harpies
  2 deep elf conjurers
  16 mana vipers
  5 wolf spiders
  5 ugly things
  12 griffons
  3 orc sorcerers
  8 water nymphs
  A cyclops (shapeshifter) (Vaults:2)
  9 manticores
  28 black mambas
  3 guardian serpents
  14 cyclopes
  8 salamanders
  3 fauns (Shoals:1)
  Maurice (D:11)
  17 sirens
  16 naga magi
  13 elephants
  A titan simulacrum (Vaults:3)
  A drowned soul (Shoals:2)
  Psyche (D:14)
  17 vault sentinels
  A spiny frog (shapeshifter) (Vaults:5)
  18 spiny frogs
  32 yaktaurs
  2 kobold demonologists (D:14)
  17 komodo dragons
  A yaktaur (shapeshifter) (Vaults:2)
  2 guardian mummies (Crypt:1)
  4 fire drakes
  2 tengu conjurers (D:15)
  A white draconian skeleton (Crypt:1)
  A jumping spider (shapeshifter) (Vaults:2)
  9 polar bears
  7 trolls
  26 merfolk
  14 two-headed ogres
  3 ravens (D:15)
  9 freezing wraiths
  5 boulder beetles
  31 slime creatures
  13 blink frogs
  5 wind drakes
  A trapdoor spider zombie (D:10)
  A bog body (Crypt:1)
  2 human simulacra (Vaults:3)
  9 snapping turtles
  A ynoxinul (Vaults:2)
  A harpy skeleton (Crypt:1)
  A shadow (D:11)
  A trapdoor spider (D:13)
  6 flying skulls (Crypt:2)
  8 water elementals
  4 deep elf magi
  8 basilisks
  15 hippogriffs
  4 vampires
  7 wolves
  A human (D:10)
  10 wraiths
  8 vampire mosquitoes
  A golden eye (shapeshifter) (Vaults:2)
  5 wyverns
  4 fire elementals
  A redback simulacrum (D:14)
  49 yaks
  46 nagas
  9 deep elf fighters
  2 mottled dragons (Vaults:2)
  3 hungry ghosts
  A deep troll zombie (Vaults:3)
  35 water moccasins
  11 porcupines
  A porcupine (shapeshifter) (Vaults:1)
  9 wargs
  2 phantoms
  A soldier ant (D:14)
  A hell hound (Orc:3)
  6 ice beasts
  2 black bears (D:12)
  47 orc warriors
  An elf zombie (Vaults:3)
  An eye of draining (D:15)
  2 sky beasts
  40 ogres
  The ghost of jernau the Magician, an average HOWr (D:3)
  2 necrophages
  2 wasps
  2 boring beetles
  33 centaurs
  14 crocodiles
  A dryad zombie (Crypt:1)
  A brain worm (D:11)
  6 big kobolds
  13 giant frogs
  2 human skeletons
  A salamander skeleton (Crypt:2)
  2 scorpions
  21 killer bees
  2 quasits
  5 wights (D:9)
  4 crimson imps
  A goliath beetle (D:8)
  3 giant frog zombies
  5 centaur zombies
  A giant frog skeleton (D:12)
  2 electric eels (Snake:3)
  5 jellies
  41 orc wizards
  A soldier ant zombie (Crypt:2)
  5 hounds
  2 centaur skeletons
  4 human zombies (Crypt:1)
  32 orc priests
  10 iguanas
  52 sheep
  10 worker ants
  2 basilisk skeletons
  A hell rat (Orc:4)
  A big kobold zombie (Ossuary)
  A sky beast zombie (Crypt:1)
  A hound zombie (D:5)
  A tengu skeleton (Crypt:1)
  7 mummies
  An ogre skeleton (Crypt:1)
  A worker ant zombie (D:11)
  7 gnolls
  Robin (D:4)
  13 adders
  2 shadow imps
  56 river rats
  A white imp (D:14)
  An ooze (shapeshifter) (Vaults:1)
  An ufetubus (Vaults:2)
  An adder skeleton (D:6)
  2 worms
  210 orcs
  3 ball pythons
  29 bats
  2 bat zombies
  4 giant cockroaches
  24 goblins
  21 hobgoblins
  4 quokkas
  5 giant geckos
  8 giant newts
  A giant spore (D:10)
  2 goblin zombies (Ossuary)
  2 hobgoblin zombies (Ossuary)
  6 jackals
  A jackal skeleton (D:6)
  A jackal zombie (D:6)
  32 kobolds
  An orc skeleton (Orc:4)
  7 orc zombies
  24 rats
  3 ballistomycetes
  A fungus (Lair:1)
1844 creatures vanquished.

Vanquished Creatures (collateral kills)
  Azrael (Orc:4)
  A necromancer (Crypt:2)
  A siren (Shoals:2)
  A merfolk (Shoals:2)
  A snapping turtle (Shoals:3)
  A spectral spiny frog (Crypt:2)
6 creatures vanquished.

Vanquished Creatures (others)
  An ancient champion (Crypt:1)
  A revenant (Crypt:2)
  4 vault wardens
  2 ghouls (Crypt:1)
  2 ironheart preservers (Vaults:1)
  A very ugly thing (Vaults:3)
  A merfolk javelineer (Shoals:4)
  A jiangshi (Crypt:2)
  A yaktaur captain (Vaults:4)
  2 merfolk impalers
  3 anacondas
  A naga warrior (Snake:2)
  A merfolk avatar (Shoals:2)
  An alligator snapping turtle (Shoals:5)
  A salamander stormcaller (Vaults:1)
  A tengu warrior (D:15)
  A satyr (Shoals:4)
  A deep troll shaman (Vaults:4)
  4 naga sharpshooters
  A salamander mystic (Snake:2)
  5 skeletal warriors
  A deep troll (Vaults:4)
  5 sea snakes
  A storm dragon skeleton (Crypt:1)
  A soul eater (Crypt:2)
  A phantasmal warrior (Vaults:2)
  2 orc knights
  4 naga ritualists
  An oklob plant (Shoals:1)
  3 harpies (Shoals:2)
  2 ironbrand convokers
  A cyclops (Shoals:2)
  3 griffons
  A mana viper (Snake:4)
  A stone giant zombie (Crypt:1)
  A faun (Shoals:1)
  A water nymph (Shoals:2)
  An ugly thing (Vaults:4)
  3 manticores
  19 drowned souls (Shoals:2)
  2 salamanders
  2 vault sentinels (Vaults:3)
  4 black mambas
  A siren (Shoals:5)
  2 yaktaurs (Vaults:4)
  3 freezing wraiths
  2 trolls (Orc:4)
  5 merfolk
  5 snapping turtles
  A raven (D:15)
  A redback (Crypt:2)
  4 water elementals
  9 trapdoor spiders
  A wraith (Crypt:2)
  A golden eye (shapeshifter) (Vaults:4)
  4 vampire mosquitoes
  A hippogriff (Shoals:2)
  2 nagas (Snake:3)
  2 water moccasins (Snake:4)
  An ogre (Vaults:1)
  A centaur (D:14)
  A manticore skeleton (Crypt:2)
  A troll zombie (Crypt:1)
  4 killer bees (D:9)
  A jelly (D:14)
  A human skeleton (Crypt:1)
  An orc priest (Orc:4)
  A centaur skeleton (D:10)
  2 orc wizards
  A crocodile skeleton (Crypt:1)
  An orc (Orc:4)
  A giant spore (D:8)
  48 fungi
  21 plants
  99 snaplasher vine segments
325 creatures vanquished.

Grand Total: 2175 creatures vanquished

Notes
Turn   | Place    | Note
--------------------------------------------------------------
     0 | D:1      | Trafet, the Spriggan Wizard, began the quest for the Orb.
     0 | D:1      | Reached XP level 1. HP: 9/9 MP: 6/6
   321 | D:1      | Reached XP level 2. HP: 13/13 MP: 4/8
  1269 | D:2      | Reached skill level 1 in Fighting
  1269 | D:2      | Reached XP level 3. HP: 10/18 MP: 0/10
  1851 | D:2      | Learned a level 3 spell: Mephitic Cloud
  1855 | D:2      | Learned a level 3 spell: Conjure Flame
  1858 | D:2      | Learned a level 2 spell: Blink
  1861 | D:2      | Learned a level 2 spell: Repel Missiles
  1957 | D:2      | Found a glowing golden altar of the Shining One.
  2434 | D:2      | Reached XP level 4. HP: 22/22 MP: 5/11
  2637 | D:2      | Reached skill level 5 in Spellcasting
  2921 | D:3      | Noticed a hippogriff
  3283 | D:3      | Noticed jernau's ghost (average HOWr)
  3297 | D:3      | Killed jernau's ghost
  3297 | D:3      | Reached skill level 5 in Dodging
  3297 | D:3      | Reached XP level 5. HP: 24/26 MP: 7/14
  3912 | D:3      | Found a burning altar of Makhleb.
  3914 | D:3      | Noticed an Executioner
  3917 | D:3      | Found a glowing silver altar of Zin.
  3917 | D:3      | Noticed an angel
  3959 | D:3      | Killed a hippogriff
  3959 | D:3      | Reached skill level 1 in Short Blades
  3959 | D:3      | Reached skill level 6 in Dodging
  3959 | D:3      | Reached XP level 6. HP: 23/32 MP: 3/15
  4547 | D:4      | Found an opulent altar of Gozag.
  4630 | D:4      | Found a sand-covered staircase.
  4635 | Ossuary  | Entered an ossuary
  5043 | Ossuary  | Reached skill level 1 in Slings
  5339 | D:4      | Reached XP level 7. HP: 33/35 MP: 0/17
  5347 | D:4      | Found a shadowy altar of Dithmenos.
  5390 | D:4      | Reached skill level 7 in Dodging
  5508 | D:4      | Found a bloodstained altar of Trog.
  5573 | D:4      | Found a white marble altar of Elyvilon.
  5634 | D:4      | Noticed Robin
  5652 | D:4      | Killed Robin
  5840 | D:5      | Entered Level 5 of the Dungeon
  5885 | D:5      | Found Huagaar's Assorted Antiques.
  5892 | D:5      | Bought a polished cloak for 275 gold pieces
  5897 | D:5      | Identified the +1 cloak of the Dozen Songs {rCorr} (You bought it in a shop on level 5 of the Dungeon)
  6039 | D:5      | Found a staircase to the Ecumenical Temple.
  6071 | Temple   | Entered the Ecumenical Temple
  6083 | Temple   | Became a worshipper of Sif Muna the Loreminder
  6501 | D:6      | HP: 1/36 [orc priest/divine providence (13)]
  7739 | D:6      | Reached skill level 8 in Dodging
  7739 | D:6      | Reached XP level 8. HP: 26/40 MP: 4/18
  7871 | D:6      | Reached skill level 5 in Slings
  8106 | D:6      | Got a shimmering flail
  8107 | D:6      | Identified the cursed +3 flail of Qeots {crush, -Tele MR+ Dex+3} (You found it on level 6 of the Dungeon)
  8686 | D:7      | Found Diwni's Antique Armour Boutique.
  8816 | D:7      | Bought a brightly glowing robe for 114 gold pieces
  8826 | D:7      | Identified the +2 robe of Tolecenu {Str+4} (You bought it in a shop on level 7 of the Dungeon)
  8902 | D:7      | Found a blossoming altar of Fedhas.
  8904 | D:7      | Found an ancient bone altar of Kikubaaqudgha.
  9533 | D:8      | Reached skill level 9 in Dodging
  9949 | D:8      | Reached XP level 9. HP: 41/45 MP: 21/21
 10311 | D:8      | Found a snail-covered altar of Cheibriados.
 10853 | D:8      | Acquired Sif Muna's first power
 11274 | D:9      | Reached skill level 10 in Dodging
 11280 | D:9      | Reached skill level 5 in Fighting
 11456 | D:9      | Reached XP level 10. HP: 49/51 MP: 11/24
 11709 | D:9      | Found a stormy altar of Qazlal.
 11978 | D:9      | Found a shimmering altar of Xom.
 12005 | D:9      | Found a staircase to the Lair.
 12180 | D:10     | Entered Level 10 of the Dungeon
 13062 | D:10     | Reached skill level 10 in Slings
 13069 | D:10     | Reached skill level 11 in Dodging
 13168 | D:11     | Found a staircase to the Orcish Mines.
 13187 | D:11     | Noticed Maurice
 13199 | D:11     | Noticed oplop's ghost (powerful MfIE)
 13201 | D:11     | Noticed a red ugly thing
 13237 | D:11     | Killed a white ugly thing
 13725 | D:11     | Killed Maurice
 13807 | D:11     | HP: 1/53 [oplop's ghost (5)]
 14160 | D:11     | Reached skill level 10 in Spellcasting
 14581 | D:11     | Reached XP level 11. HP: 30/58 MP: 23/26
 15401 | D:11     | Reached skill level 12 in Dodging
 15525 | D:12     | Noticed Psyche
 15570 | D:12     | Noticed Harold
 15656 | D:12     | Killed Harold
 16273 | D:12     | Acquired Sif Muna's second power
 16356 | D:12     | Noticed a hill giant
 16371 | D:12     | Killed a hill giant
 17108 | D:12     | Reached skill level 13 in Dodging
 17497 | D:11     | Noticed a hill giant
 17549 | D:11     | Killed a hill giant
 17608 | D:11     | Noticed a red ugly thing
 17611 | D:11     | Noticed Urug
 17658 | D:11     | Killed a white ugly thing
 17763 | D:11     | Killed Urug
 17909 | D:11     | Noticed a cyclops
 18052 | D:11     | Reached XP level 12. HP: 39/64 MP: 26/28
 18876 | Lair:1   | Entered Level 1 of the Lair of Beasts
 19683 | Lair:1   | Reached skill level 14 in Dodging
 20299 | Lair:1   | Reached skill level 1 in Charms
 21711 | Lair:3   | Reached skill level 5 in Translocations
 22109 | Lair:3   | Noticed a four-headed hydra
 22130 | Lair:3   | Killed a four-headed hydra
 22951 | Lair:3   | Acquired Sif Muna's third power
 23257 | Lair:3   | Found a staircase to the Shoals.
 23673 | Lair:4   | Noticed a six-headed hydra
 23719 | Lair:4   | Killed a six-headed hydra
 23719 | Lair:4   | Reached skill level 5 in Charms
 23783 | Lair:4   | Noticed an eight-headed hydra
 23804 | Lair:4   | Killed an eight-headed hydra
 23825 | Lair:4   | HP: 3/65 [spiny frog (23)]
 24944 | Lair:5   | Reached XP level 13. HP: 40/69 MP: 15/31
 27354 | Lair:6   | Found a staircase to the Snake Pit.
 27638 | Lair:6   | Found a staircase to the Slime Pits.
 28026 | Lair:7   | Noticed Rupert
 28320 | Lair:7   | Killed Rupert
 28686 | Lair:7   | Received a gift from Sif Muna
 28687 | Lair:7   | Identified Weymyhij's Papyrus of the Compass (Sif Muna gifted it to you on level 7 of the Lair of Beasts)
 28691 | Lair:7   | Learned a level 2 spell: Shroud of Golubria
 28695 | Lair:7   | Learned a level 3 spell: Gell's Gravitas
 28702 | Lair:7   | Learned a level 6 spell: Dispersal
 29304 | Lair:7   | Reached skill level 1 in Hexes
 29319 | Lair:7   | Reached skill level 10 in Translocations
 29337 | Lair:7   | Reached skill level 15 in Spellcasting
 30226 | D:5      | Got a crystal whip
 30227 | D:5      | Identified the +4 whip "Nimiek" {freeze, rElec Dex+7} (You took it off a goblin on level 5 of the Dungeon)
 30560 | Lair:8   | Entered Level 8 of the Lair of Beasts
 32088 | Lair:8   | Reached XP level 14. HP: 67/74 MP: 34/34
 33011 | Lair:8   | Received a gift from Sif Muna
 33012 | Lair:8   | Identified Sif Muna's Advanced Steps in Wizardry (Sif Muna gifted it to you on level 8 of the Lair of Beasts)
 33199 | Lair:8   | Reached skill level 16 in Spellcasting
 33393 | Lair:8   | Learned a level 5 spell: Phase Shift
 34385 | Lair:8   | Reached skill level 17 in Spellcasting
 35278 | Lair:8   | Received a gift from Sif Muna
 35279 | Lair:8   | Identified Sif Muna's Almanac of Curses (Sif Muna gifted it to you on level 8 of the Lair of Beasts)
 35301 | Lair:8   | Reached skill level 5 in Hexes
 36273 | Lair:8   | Learned a level 6 spell: Mass Confusion
 37261 | Orc:1    | Entered Level 1 of the Orcish Mines
 37383 | Orc:1    | Found Keefoluupa's General Store.
 38391 | Orc:1    | Noticed Snorg
 38474 | Orc:1    | Killed Snorg
 38590 | Orc:2    | You fall through a shaft for 2 floors!
 38590 | Orc:4    | Entered Level 4 of the Orcish Mines
 38590 | Orc:4    | Found a staircase to the Elven Halls.
 38590 | Orc:4    | Noticed Azrael
 39805 | Orc:3    | Noticed Josephine
 39822 | Orc:3    | Reached XP level 15. HP: 39/78 MP: 6/37
 40014 | Orc:3    | Found Qongil's Magic Scroll Emporium.
 40034 | Orc:3    | Killed Josephine
 40281 | Orc:3    | Bought a scroll of fear for 52 gold pieces
 40281 | Orc:3    | Bought a scroll of fear for 52 gold pieces
 40585 | Orc:2    | Reached skill level 18 in Spellcasting
 41001 | Orc:2    | Reached skill level 15 in Dodging
 41099 | Orc:4    | Killed Azrael
 42489 | Orc:4    | Received a gift from Sif Muna
 42880 | Orc:4    | HP: 2/78 [orc warrior/glaive (24)]
 43513 | Orc:4    | Identified Sif Muna's Papyrus of the Assistive Voyage (Sif Muna gifted it to you on level 4 of the Orcish Mines)
 43522 | Orc:4    | Learned a level 4 spell: Control Teleport
 43528 | Orc:4    | Learned a level 5 spell: Warp Weapon
 44370 | Orc:4    | Found a shimmering altar of Xom.
 45931 | Orc:4    | Found Vosch's General Store.
 45931 | Orc:4    | Found Otrulit's Assorted Antiques.
 45934 | Orc:4    | Found Qyhocaimi's Gadget Shoppe.
 45935 | Orc:4    | Found Tenoisot's Gadget Emporium.
 45937 | Orc:4    | Bought a wand of heal wounds (5) for 810 gold pieces
 46599 | Shoals:1 | Entered Level 1 of the Shoals
 46929 | Shoals:1 | Reached skill level 5 in Short Blades
 48211 | Shoals:1 | Found a shattered altar of Ashenzari.
 49215 | Shoals:2 | Found Orenou's Assorted Antiques.
 49874 | Orc:1    | Bought a book of Frost for 420 gold pieces
 49878 | Orc:1    | Learned a level 3 spell: Ozocubu's Armour
 49926 | Elf:1    | Entered Level 1 of the Elven Halls
 50207 | Snake:1  | Entered Level 1 of the Snake Pit
 50450 | Snake:1  | You fall through a shaft!
 54195 | Snake:3  | Found a glowing silver altar of Zin.
 54485 | Snake:3  | Noticed Wiglaf
 54694 | Snake:3  | Reached skill level 10 in Short Blades
 54694 | Snake:3  | Reached XP level 16. HP: 77/84 MP: 33/39
 55089 | Snake:3  | Reached skill level 19 in Spellcasting
 55191 | Snake:3  | Noticed a greater naga
 55860 | Snake:3  | Killed a greater naga
 56155 | Snake:4  | Noticed Jorgrun
 56884 | Snake:4  | Noticed Donald
 57958 | Snake:4  | Received a gift from Sif Muna
 58585 | Snake:4  | Learned a level 3 spell: Regeneration
 58795 | Snake:4  | Reached skill level 20 in Spellcasting
 58847 | Snake:4  | Noticed Mara
 59106 | Snake:4  | Killed Donald
 60685 | Snake:5  | Entered Level 5 of the Snake Pit
 62272 | Shoals:2 | Reached skill level 21 in Spellcasting
 62794 | Shoals:2 | Received a gift from Sif Muna
 62825 | Shoals:2 | Learned a level 4 spell: Force Lance
 62831 | Shoals:2 | Learned a level 5 spell: Summon Forest
 66011 | Shoals:4 | Reached skill level 22 in Spellcasting
 66308 | Shoals:4 | Reached XP level 17. HP: 70/87 MP: 22/44
 69232 | D:13     | Found a gate to the Vaults.
 69434 | D:14     | Reached skill level 10 in Fighting
 70005 | D:14     | Killed Psyche
 71328 | D:14     | Found Beshruv's Book Emporium.
 71371 | D:15     | Entered Level 15 of the Dungeon
 71463 | D:15     | Received a gift from Sif Muna
 71547 | D:15     | Found a staircase to the Depths.
 72113 | D:15     | Found a shadowy altar of Dithmenos.
 73000 | Depths:1 | Entered Level 1 of the Depths
 73001 | Depths:1 | Found a sacrificial altar of Ru.
 73057 | Depths:1 | Noticed Frances
 74259 | Snake:5  | Reached skill level 5 in Stealth
 76563 | Snake:5  | Reached skill level 23 in Spellcasting
 76916 | Snake:5  | Reached XP level 18. HP: 70/94 MP: 34/46
 77133 | Snake:5  | Received a gift from Sif Muna
 77134 | Snake:5  | Identified Sif Muna's Almanac of Dark Displacement (Sif Muna gifted it to you on level 5 of the Snake Pit)
 77883 | Snake:5  | Reached skill level 15 in Translocations
 78426 | Snake:5  | Learned a level 7 spell: Controlled Blink
 79252 | Snake:4  | HP: 1/94 [poisoned by a naga ritualist (toxic radiance)]
 79769 | Snake:5  | Got a serpentine rune of Zot
 80155 | Snake:1  | Reached skill level 10 in Stealth
 81307 | Orc:3    | Bought a scroll of teleportation for 45 gold pieces
 81307 | Orc:3    | Bought a scroll of teleportation for 45 gold pieces
 81307 | Orc:3    | Bought 2 scrolls of teleportation for 90 gold pieces
 81307 | Orc:3    | Bought a scroll of enchant weapon for 112 gold pieces
 81307 | Orc:3    | Bought a scroll of recharging for 142 gold pieces
 81719 | Vaults:1 | Entered Level 1 of the Vaults
 81956 | Vaults:1 | Got a slimy flail
 81957 | Vaults:1 | Identified the cursed +3 flail "Wimituiw" {freeze, Str+3 Dex+5} (You found it on level 1 of the Vaults)
 82407 | Vaults:1 | HP: 4/94 [orc knight/great mace (27)]
 82410 | Vaults:1 | Noticed Norris
 84572 | Vaults:1 | Found Pivuekibla's Magic Scroll Emporium.
 84581 | Vaults:1 | Bought a scroll of teleportation for 66 gold pieces
 84581 | Vaults:1 | Bought a scroll of recharging for 209 gold pieces
 85479 | Vaults:2 | Reached skill level 1 in Evocations
 85648 | Vaults:2 | Got a brightly glowing lapis lazuli ring
 86293 | Vaults:2 | Reached skill level 5 in Evocations
 86336 | Vaults:2 | Reached XP level 19. HP: 26/98 MP: 2/47
 86941 | Vaults:2 | Identified the ring "Gize" {rPois AC+3 Dex+3} (You found it on level 2 of the Vaults)
 87672 | Vaults:2 | Found a staircase to the Crypt.
 88393 | Vaults:2 | Reached skill level 10 in Evocations
 88698 | Vaults:2 | Upgraded the game from 0.17-a0-670-g5d95ebd to 0.17-a0-701-gb6462b4
 89513 | Vaults:3 | Reached skill level 1 in Summonings
 90388 | Vaults:3 | Identified a scroll of acquirement
 90462 | Vaults:3 | Received a gift from Sif Muna
 90463 | Vaults:3 | Identified Sif Muna's Reference Book on Bewitchment and Boosts (Sif Muna gifted it to you on level 3 of the Vaults)
 90471 | Vaults:3 | Learned a level 6 spell: Haste
 90693 | Vaults:3 | Found Jela's Antique Weapon Shop.
 91543 | Vaults:3 | Reached skill level 5 in Summonings
 91993 | Vaults:4 | Found Gozag's Assorted Antiques.
 93118 | Vaults:4 | Found an opulent altar of Gozag.
 93452 | Vaults:4 | Found Gozag's Antique Weapon Shoppe.
 93458 | Vaults:4 | Found Gozag's Assorted Antiques.
 93469 | Vaults:4 | Bought a runed quick blade for 1500 gold pieces
 94474 | Vaults:4 | Reached XP level 20. HP: 100/105 MP: 24/48
 95818 | Vaults:1 | Killed Norris
 96061 | Vaults:2 | Got a warped robe
 96072 | Vaults:2 | Identified the cursed +0 robe "Ozaukh" {+Fly rF+ Int-2 Dex-2} (You took it off a deep elf sorcerer on level 2 of the Vaults)
 96232 | Vaults:4 | Bought a slimy robe for 570 gold pieces
 96247 | Vaults:4 | Identified the cursed -5 robe of Misfortune {-Cast Contam *Tele EV-4 Str-2 Int-2 Dex-2 Stlth-- Curse} (You bought it in a shop on level 4 of the Vaults)
 97277 | Shoals:5 | Entered Level 5 of the Shoals
 97430 | Shoals:5 | Identified Lehudib's Reference Book on Combat Magic
 97439 | Shoals:5 | Learned a level 2 spell: Swiftness
 97842 | Shoals:5 | Noticed Ilsuiw
 98458 | Shoals:5 | Got a fine robe
 98482 | Shoals:5 | Identified the +3 robe "Agimnora" {Dex+2} (You found it on level 5 of the Shoals)
 99231 | Shoals:5 | Got a barnacled rune of Zot
 99799 | Depths:1 | Noticed Sojobo
100077 | Crypt:1  | Entered Level 1 of the Crypt
103454 | Crypt:2  | Noticed Margery
103460 | Crypt:2  | Noticed Boris
103658 | Vaults:5 | Entered Level 5 of the Vaults
104261 | Vaults:5 | Slain by a deep troll earth mage

Action                   |  1- 3 |  4- 6 |  7- 9 | 10-12 | 13-15 | 16-18 | 19-21 || total
-------------------------+-------+-------+-------+-------+-------+-------+-------++-------
Melee: Unarmed           |     5 |       |       |       |       |       |       ||     5
       Dagger            |       |    31 |       |       |  1618 |  5759 |  1387 ||  8795
       Hunting sling     |       |       |       |       |     1 |       |       ||     1
       Whip              |       |       |       |       |   785 |       |       ||   785
       Quick blade       |       |       |       |       |       |       |  2496 ||  2496
 Fire: Hunting sling     |       |    59 |  1066 |  2345 |  2027 |       |       ||  5497
       Blowgun           |       |       |       |       |   256 |       |       ||   256
Throw: Stone             |     1 |       |       |       |     9 |       |       ||    10
 Cast: Magic Dart        |   133 |   172 |    35 |    15 |       |       |       ||   355
       Repel Missiles    |     1 |       |     2 |     2 |     4 |    16 |     6 ||    31
       Blink             |       |     4 |     2 |     7 |    14 |    21 |    11 ||    59
       Conjure Flame     |       |     9 |    26 |    75 |    56 |   195 |    34 ||   395
       Mephitic Cloud    |       |     2 |    30 |   109 |   270 |    88 |    13 ||   512
       Gell's Gravitas   |       |       |       |       |   127 |    14 |    20 ||   161
       Shroud of Golubri |       |       |       |       |    31 |    42 |     4 ||    77
       Phase Shift       |       |       |       |       |    38 |   132 |    61 ||   231
       Mass Confusion    |       |       |       |       |    14 |    82 |    63 ||   159
       Warp Weapon       |       |       |       |       |    47 |    84 |    77 ||   208
       Ozocubu's Armour  |       |       |       |       |    21 |   127 |    55 ||   203
       Regeneration      |       |       |       |       |       |   114 |    75 ||   189
       Force Lance       |       |       |       |       |       |    17 |       ||    17
       Summon Forest     |       |       |       |       |       |     3 |       ||     3
       Control Teleport  |       |       |       |       |       |     3 |     5 ||     8
       Controlled Blink  |       |       |       |       |       |     2 |     1 ||     3
       Haste             |       |       |       |       |       |       |    14 ||    14
Invok: Channel Energy    |       |       |       |     2 |     1 |     2 |       ||     5
 Abil: Evoke Invisibilit |       |       |       |       |       |       |     4 ||     4
Evoke: Wand              |       |       |       |       |    22 |    10 |     6 ||    38
       Phial of floods   |       |       |       |       |     2 |       |     1 ||     3
       Disc of storms    |       |       |       |       |       |       |     3 ||     3
       Sack of spiders   |       |       |       |       |       |       |     3 ||     3
  Use: Scroll            |       |     6 |     8 |    17 |    13 |    25 |    24 ||    93
       Potion            |       |     3 |       |     2 |     9 |     6 |       ||    20
 Stab: Confused          |       |       |       |       |    89 |    94 |    57 ||   240
       Sleeping          |       |       |       |       |     3 |    16 |    19 ||    38
       Distracted        |       |       |       |       |     4 |     9 |     8 ||    21
       Invisible         |       |       |       |       |       |       |     5 ||     5
  Eat: Bread ration      |       |     1 |     1 |       |     5 |     9 |     5 ||    21
       Royal jelly       |       |       |       |     4 |     2 |     1 |     1 ||     8
       Pizza             |       |       |       |       |       |       |     1 ||     1
